 Dungeon Crawl Stone Soup version 0.18-a0-1577-gf591c28 (webtiles) character file.

60 namelastname112 the Slasher (level 3, 0/31 HPs)
             Began as a Draconian Gladiator on Mar 19, 2016.
             Killed from afar by an orc wizard (5 damage)
             ... with a magic dart
             ... on level 2 of the Dungeon.
             The game lasted 00:01:31 (1192 turns).

namelastname112 the Slasher (Draconian Gladiator)   Turns: 1192, Time: 00:01:32

Health: 0/31       AC:  5    Str: 17    XL:     3   Next: 80%
Magic:  3/3        EV: 13    Int:  8    God:
Gold:   88         SH:  0    Dex: 12    Spells: 0 memorised, 2 levels left

rFire  . . .     SeeInvis .     a - +0 long sword
rCold  . . .     Gourm    .     (armour unavailable)
rNeg   + + .     Faith    .     (no shield)
rPois  .         Spirit   .     b - +0 hat
rElec  .         Dismiss  .     (no cloak)
rCorr  .         Reflect  .     (no gloves)
SustAt .         Harm     .     (no boots)
MR     .....                    (no amulet)
Stlth  +.........               s - ring of positive energy
                                g - ring of positive energy

@: not resistant to hostile enchantments, very unstealthy
A: unfitting armour, cold-blooded, AC +5
a: no special abilities


You were on level 2 of the Dungeon.
You were very hungry.

You visited 1 branch of the dungeon, and saw 3 of its levels.

You collected 88 gold pieces.

Inventory:

Hand Weapons
 a - a +0 long sword (weapon)
Missiles
 c - a throwing net (quivered)
Armour
 b - a +0 hat (worn)
Jewellery
 g - a ring of positive energy (left hand)
 m - an uncursed ring of ice
 s - a ring of positive energy (right hand)
Scrolls
 i - a scroll of blinking {unknown}
 j - 2 scrolls of enchant weapon {unknown}
 k - a scroll of remove curse {unknown}
 n - a scroll of identify {unknown}
 q - 2 scrolls of teleportation {unknown}
 u - a scroll of enchant armour {unknown}
Potions
 e - a potion of mutation {unknown}
 f - a potion of cancellation {unknown}
 h - a potion of ambrosia {unknown}
 p - 2 potions of heal wounds {unknown}
 r - 2 potions of agility {unknown}
 t - a potion of haste {unknown}
 v - a potion of lignification {unknown}
Comestibles
 d - 3 bread rations
 l - 4 fruits


   Skills:
 + Level 3.2 Fighting
 * Level 3.7 Long Blades
 + Level 2.2 Throwing
 + Level 2.9 Dodging


You had 2 spell levels left.
You didn't know any spells.

Dungeon Overview and Level Annotations

Branches:
Dungeon (3/15)

Altars:
Cheibriados


Innate Abilities, Weirdness & Mutations

Your plain brown scales are hard (AC +5).
Your body does not fit into most forms of armour.
You are cold-blooded and may be slowed by cold attacks.


Message History

Drink which item? (? for menu, Esc to quit)
Okay, then.
Throwing (i - inventory):
c - 3 throwing nets (quivered)
Press: ? - help, Shift-Dir - straight line, f - orc wizard
Aim: an orc wizard, wielding a dagger and wearing a robe (lightly wounded, fast)
You throw a throwing net. The throwing net hits the orc wizard.
The orc wizard is caught in the net!
The orc wizard is lightly wounded.
The orc wizard casts a spell.
The orc wizard blinks!
Throwing (i - inventory):
c - 2 throwing nets (quivered)
Press: ? - help, Shift-Dir - straight line, f/p - orc wizard
Aim: an orc wizard, wielding a dagger and wearing a robe (lightly wounded, fast)
You throw a throwing net. The throwing net hits the orc wizard.
The orc wizard is caught in the net!
The orc wizard is lightly wounded.
The orc wizard struggles against the net. x2
The orc wizard casts a spell at you. The magic dart hits you!
You die...

..........# ##.......(#
#.....>..# #........##
###### ##.........# #....#
[###.#.....###....#########
..##...........o..........#
#.####.....##.##..........#
...........##.##@.........#
#..........##.##.)........#
...............)>§........#
....#....##<#.##..........#
....)#.######.##..........#
###...†.......##..........#
###.....#####.............#
........#####.#############
.#.......<..#.#


You could see an orc wizard (caught).

Vanquished Creatures
  3 adders
  An ooze (D:3)
  An orc (D:2)
  4 bats
  2 giant cockroaches
  7 goblins
  3 hobgoblins (D:1)
  A quokka (D:2)
  A giant newt (D:1)
  A kobold (D:2)
  6 rats
30 creatures vanquished.

Notes
Turn   | Place    | Note
--------------------------------------------------------------
     0 | D:1      | namelastname112 the Draconian Gladiator began the quest for the Orb.
     0 | D:1      | Reached XP level 1. HP: 17/17 MP: 1/1
   163 | D:1      | Reached XP level 2. HP: 25/25 MP: 2/2
   383 | D:1      | Found a snail-covered altar of Cheibriados.
   591 | D:2      | Reached XP level 3. HP: 30/30 MP: 3/3
  1192 | D:2      | Killed from afar by an orc wizard

Vault maps used:
D:1:      scummos_arrival_hexagon, cheibriados_altar_1
D:3:      first_bread

Skill      XL: |  1  2  3 |
---------------+----------+-----
Throwing       | 2 |  2.2
Fighting       | 3 |  3.2
Long Blades    | |  3.7
Dodging        | |  2.9

Action                   || total
-------------------------++-------
Melee: Long sword        ||   112
Throw: Throwing net      ||     2
  Use: Potion            ||     1
 Stab: Sleeping          ||     2
